 Dungeon Crawl Stone Soup version 0.31.0-9-g3a7656b989 (webtiles) character file.

Game seed: 9922575508744349837

31 GordonOverkill the Sneak (level 3, -10/27 (29) HPs)
             Began as a Formicid Delver on Jan 25, 2024.
             Killed by divine providence
             ... invoked by an orc priest
              (14 damage)
             ... on level 3 of the Dungeon.
             The game lasted 00:04:19 (1157 turns).

GordonOverkill the Sneak (Formicid Delver)          Turns: 1157, Time: 00:04:19

HP:   -10/27 (29)   AC: 10    Str: 18    XL:     3   Next: 40%
MP:   3/3           EV:  5    Int:  9    God:
Gold: 102           SH:  0    Dex: 15    Spells: 2/2 levels left

rFire   . . .        k - +0 trident
rCold   . . .        (no shield)
rNeg    . . .        j - +0 plate armour
rPois   .            (helmet unavailable)
rElec   .            (no cloak)
rCorr   .            (no gloves)
SInv    +            (no boots)
Will    .....        (no amulet) Stlth
                     (no ring)
HPRegen 0.24/turn    (no ring)
MPRegen 0.08/turn

%: no passive effects
@: drained
A: permanent stasis, dig shafts and tunnels, antennae 3, four strong arms
a: Dig, Shaft Self


You were on level 3 of the Dungeon.
You visited 1 branch of the dungeon, and saw 4 of its levels.

You collected 102 gold pieces.

Inventory:

Hand Weapons
 k - a +0 trident (weapon)
Armour
 j - a +0 plate armour (worn)
Wands
 b - a wand of iceblast (5)
 f - a wand of digging (3)
 g - a wand of paralysis (3)
 m - a wand of polymorph (4)
Scrolls
 c - a scroll of fog
 d - a scroll of revelation
 h - a scroll of teleportation {unknown}
 i - a scroll of blinking {unknown}
 l - 2 scrolls of identify {unknown}


   Skills:
 - Level 3.2 Fighting
 + Level 3.6 Polearms
 - Level 1.7 Dodging
 - Level 6.0 Stealth


You had 2 spell levels left.
You didn't know any spells.
Your spell library contained the following spells:

 Spells                   Type           Power      Damage    Failure   Level
 Frozen Ramparts          Ice            0%         1d1       100%        3
 Leda's Liquefaction      Alch/Erth      0%         N/A       100%        4
 Petrify                  Alch/Erth      0%         N/A       100%        4
 Metabolic Englaciation   Hex/Ice        0%         N/A       100%        5


Dungeon Overview and Level Annotations

Branches:
Dungeon (6/15)
 Temple: D:4-7

Altars:

Shops:
D:5 (

Annotations:
D:5 2 transporters


Innate Abilities, Weirdness & Mutations

You cannot be hasted, slowed, berserked, paralysed or teleported.
You can dig through walls and to a lower floor.
You have a pair of large antennae on your head. (SInv)
Your four strong arms can wield two-handed weapons with a shield.


Message History

The orc priest hits you with a +0 war axe!
You closely miss the orc priest.
The orc priest looks satisfied for a moment.
You barely miss the orc priest. The orc priest barely misses you.
You hit the orc priest.
The orc priest is heavily wounded.
The orc priest hits you with a +0 war axe.
You hit the orc priest but do no damage.
The orc priest is heavily wounded.
The orc priest hits you with a +0 war axe.
* * * LOW HITPOINT WARNING * * *
An orc comes into view. It is wielding a +0 flail.
You hit the orc but do no damage. The orc hits you with a +0 flail.
* * * LOW HITPOINT WARNING * * *
You puncture the orc!
You kill the orc!
It was a potion of heal wounds.
You feel much better.
The orc priest hits you with a +0 war axe!
You hit the orc priest but do no damage.
The orc priest is heavily wounded.
The orc priest barely misses you.
You hit the orc priest but do no damage.
The orc priest is heavily wounded.
The orc priest hits you but does no damage.
You hit the orc priest but do no damage.
The orc priest is heavily wounded.
The orc priest hits you with a +0 war axe.
* * * LOW HITPOINT WARNING * * *
You hit the orc priest but do no damage.
The orc priest is heavily wounded.
The orc priest calls down the wrath of Beogh upon you.
Beogh smites you!
* * * LOW HITPOINT WARNING * * *
You hit the orc priest but do no damage.
You punch the orc priest.
The orc priest is severely wounded.
The orc priest mumbles some strange prayers to Beogh against you.
Beogh smites you!
Ouch! That really hurt!
You die...

#.# #.# #.# #.# # #.#
.# #.# ###.###.# #.#
###.....o.# #.#
##o#.# ,{ { #.#
#@#.)# { #.# ####.#
#.# #.# #.# #######.#
#.# #.......#
#.###########.#######
#.............#
#############.# #.#


You could see an orc priest.

Vanquished Creatures
  A white imp (D:5)
  3 dart slugs (D:4)
  3 orcs
  A goblin (D:3)
  3 hobgoblins
  2 kobolds (D:4)
  A rat (D:3)
14 creatures vanquished.

Vanquished Creatures (others)
  A dart slug (D:4)
1 creature vanquished.

Grand Total: 15 creatures vanquished

Notes
Turn   | Place    | Note
-------+----------+-------------------------------------------
     0 | D:5      | GordonOverkill the Formicid Delver began the quest for the
                  | Orb.
     0 | D:5      | Reached XP level 1. HP: 18/18 MP: 1/1
     1 | D:6      | Noticed a sky beast
     1 | D:6      | Noticed a sleepcap
    99 | D:5      | Reached XP level 2. HP: 21/24 MP: 2/2
   194 | D:5      | Found Ylopsih's Antique Weapon Emporium.
   242 | D:5      | Found a transporter.
   489 | D:5      | Found a transporter.
   520 | D:6      | Noticed a centaur
   706 | D:4      | Reached XP level 3. HP: 26/28 MP: 3/3
   724 | D:4      | Noticed a yak
   725 | D:4      | Noticed a yak
   955 | D:4      | Noticed an ogre
  1157 | D:3      | Killed from afar by an orc priest

Illustrated notes

Levels and vault maps discovered:
D:3:      layout_basic, minmay_lizard_king, uniq_pargi
D:4:      kennysheep_slugbush, layout_loops_ring
D:5:      gammafunk_wand_slinger, layout_gridville,
          minmay_temple_entry_overgrown, serial_shops, shop, bh_walls_and_bars
D:6:      layout_basic, uniq_blork_the_orc

Skill      XL: |  1  2 |
---------------+-------+-----
Polearms       | 3 |  3.6
Fighting       | |  3.2
Dodging        | |  1.7
Stealth        | |  6.0

Action                     || total
---------------------------++-------
  Melee: Spear             ||    42
         Trident           ||    37
         Punch             ||     2
Ability: Dig               ||     3
  Evoke: Wand              ||     1
    Use: Scroll            ||     1
         Potion            ||     1
   Stab: Paralysed         ||     6
 Armour: Leather armour    ||    17
         Plate armour      ||    21
  Dodge: Dodged            ||    28
